 Dungeon Crawl Stone Soup version 0.25-a0-670-g50981ef59b (webtiles) character file.

Game seed: 8790434816669785818, levelgen mode: deterministic

10941 MisterFreud the Blocker (level 11, 0/86 (89) HPs)
             Began as a Gnoll Fighter on Mar 29, 2020.
             Was a Follower of Ashenzari.
             Slain by a four-headed hydra (10 damage)
             ... on level 11 of the Dungeon.
             The game lasted 00:36:25 (17368 turns).

MisterFreud the Blocker (Gnoll Fighter)            Turns: 17368, Time: 00:36:26

HP:   0/86 (89)     AC:  6    Str: 19    XL:     11   Next: 70%
MP:   17/20         EV: 15    Int: 13    God:    Ashenzari [*.....]
Gold: 399           SH: 12    Dex: 15    Spells: 19/22 levels left

rFire    + . .     SeeInvis +   a - +0 rapier
rCold    + . .     Gourm    +   c - +0 kite shield (curse)
rNeg     . . .     Faith    .   K - +0 robe {MR+}
rPois    .         Spirit   .   y - +0 helmet
rElec    .         Reflect  .   s - +0 cloak (curse)
rCorr    .         Harm     .   (no gloves)
MR       +....                  O - -1 pair of boots (curse)
Stlth    ++........             E - amulet "Peezax" {Gourm *Contam rF+ rC+ SInv} (curse)
HPRegen  0.24/turn              p - ring of wizardry (curse)
MPRegen  0.17/turn              D - ring of attention (curse)

@: lethally poisoned (0 -> 0)
A: distributed training, fangs 1, strong nose
a: Curse Item, Scrying, Renounce Religion


You were on level 11 of the Dungeon.
You worshipped Ashenzari.
Ashenzari was aware of your devotion.
You were very full.

You visited 2 branches of the dungeon, and saw 12 of its levels.

You collected 679 gold pieces.
You spent 280 gold pieces at shops.

Inventory:

Hand Weapons
 a - a +0 rapier (weapon)
 M - a +4 dagger of holy wrath
 N - a +2 long sword of holy wrath
Missiles
 h - 104 sling bullets
 j - 354 stones (quivered)
 o - 12 boomerangs
 t - 64 poisoned darts
 x - 241 arrows
 L - 3 throwing nets
 W - 29 bolts
Armour
 b - a +0 scale mail
 c - a cursed +0 kite shield (worn)
 s - a cursed +0 cloak (worn)
 y - a +0 helmet (worn)
 z - a +0 chain mail
 K - a +0 robe of magic resistance (worn)
 O - a cursed -1 pair of boots (worn)
 T - a +0 troll leather armour
Jewellery
 p - a cursed ring of wizardry (left hand)
 w - an uncursed ring of magical power
 D - a cursed ring of attention (right hand)
 E - the cursed amulet "Peezax" (around neck) {Gourm *Contam rF+ rC+ SInv}
   (You found it on level 4 of the Dungeon)

   [amulet of the gourmand]

   It allows you to eat raw meat even when not hungry.
   It protects you from fire.
   It protects you from cold.
   It lets you see invisible.
   It causes magical contamination when unequipped.
   It has a curse placed upon it.
 J - an uncursed ring of ice
 X - an uncursed ring of positive energy
Wands
 i - a wand of clouds (2)
 n - a wand of digging (6)
 A - a wand of enslavement (9)
 H - a wand of flame (40)
 Q - a wand of paralysis (12)
 V - a wand of polymorph (8)
Scrolls
 g - 4 scrolls of teleportation
 k - 5 scrolls of remove curse
 l - 2 scrolls of immolation
 F - 2 scrolls of amnesia
 G - 2 scrolls of magic mapping
 P - a scroll of fear
 R - a scroll of blinking
 S - a scroll of fog {unknown}
 Y - a scroll of enchant weapon {unknown}
Potions
 d - 2 potions of might
 e - 2 potions of stabbing
 m - 2 potions of cancellation
 q - a potion of flight
 r - 2 potions of haste
 u - a potion of ambrosia
 v - a potion of lignification
 B - a potion of curing
 I - 2 potions of heal wounds
Miscellaneous
 U - a phial of floods
 Z - a tin of tremorstones
Comestibles
 f - 18 rations


   Skills:
 + Level 9.2 Fighting
 + Level 8.0 Short Blades
 + Level 6.4 Long Blades
 + Level 6.4 Axes
 + Level 6.4 Maces & Flails
 + Level 6.4 Polearms
 + Level 6.4 Staves
 + Level 6.4 Slings
 + Level 6.4 Bows
 + Level 6.4 Crossbows
 + Level 6.4 Throwing
 + Level 9.2 Armour
 + Level 6.4 Dodging
 + Level 6.4 Stealth
 + Level 9.2 Shields
 + Level 6.4 Unarmed Combat
 + Level 6.4 Spellcasting
 + Level 5.3 Conjurations
 + Level 5.3 Hexes
 + Level 5.3 Charms
 + Level 5.3 Summonings
 + Level 5.3 Necromancy
 + Level 5.3 Translocations
 + Level 5.3 Transmutations
 + Level 5.3 Fire Magic
 + Level 5.3 Ice Magic
 + Level 5.3 Air Magic
 + Level 5.3 Earth Magic
 + Level 5.3 Poison Magic
 + Level 7.0 Invocations
 + Level 6.4 Evocations


You had 19 spell levels left.
You knew the following spells:

 Your Spells              Type           Power        Failure   Level  Hunger
a - Confusing Touch       Hex            ###.....     4%          3    ###....

Your spell library contained the following spells:

 Spells                   Type           Power        Failure   Level  Hunger
 Shock                    Conj/Air       ###.         1%          1    None
 Swiftness                Chrm/Air       ###.....     2%          2    #......
 Gell's Gravitas          Tloc           ###.......   4%          3    ###....
 Static Discharge         Conj/Air       ###.....     4%          3    ###....
 Airstrike                Air            ###.......   16%         4    ####...
 Petrify                  Tmut/Erth      ###.....     16%         4    ####...
 Lightning Bolt           Conj/Air       ###.......   38%         5    ######.
 Metabolic Englaciation   Hex/Ice        ###.......   38%         5    ######.
 Yara's Violent Unravell  Hex/Tmut       ###.......   38%         5    ######.


Dungeon Overview and Level Annotations

Branches:
Dungeon (11/15)            Temple (1/1) D:5            Lair (0/6) D:11
    Orc (0/2) D:11

Altars:
Ashenzari
Cheibriados
Dithmenos
Elyvilon
Fedhas
Gozag
Hepliaklqana
Kikubaaqudgha
Makhleb
Nemelex Xobeh
Okawaru
Qazlal
Ru
Sif Muna
Trog
Uskayaw
Vehumet
Wu Jian
Xom
Yredelemnul
Zin
The Shining One
Beogh

Shops:
D:4 :   D:9 [([

Annotations:
D:8 3 runed translucent doors, exclusion: ice statue, lemonriz's ghost, novice DrTm
D:11 Snorg


Innate Abilities, Weirdness & Mutations

Your experience applies equally to all skills.
You have very sharp teeth.
Your uncanny sense of smell can sniff out nearby items.


Message History

* * * LOW HITPOINT WARNING * * *
You block the four-headed hydra's attack.
The centaur warrior is engulfed in noxious fumes.
The centaur warrior appears confused.
The centaur warrior is engulfed in noxious fumes. x2
The centaur warrior is engulfed in noxious fumes.
You feel sick.
Your hands stop glowing.
There is an open door here.
Evoke which item? (* to show all) (? for menu, Esc to quit)
Aiming: Paralyse
Press: ? - help, Shift-Dir - straight line, f/p - four-headed hydra
Aim: a four-headed hydra (chance to defeat MR: 30%)
The four-headed hydra easily resists.
You feel sick.
The four-headed hydra barely misses you.
The four-headed hydra bites you!
* * * LOW HITPOINT WARNING * * *
The four-headed hydra closely misses you.
The four-headed hydra bites you!
You die...

.........................#
..#############'#####....#
..#.................#..#.#
..#∩................'..#.#
..#....##############....#
###....###########.......#
................>#.......#
.................#.#####.#
####...#####'###@#.......#
...##'####......D........#
.#.#.....#..#.....##.....#
.#.#.....'..#.....##...#.#
...##'####...............#
###.....#########'#......#
∆ #.....# #...#.####.#
#.....# #...#(# .# #.###.#
#...#(####.#


You could see a four-headed hydra.

Vanquished Creatures
  Erica (D:10)
  2 two-headed ogres
  2 trolls
  A vampire (D:10)
  A wyvern (D:8)
  A spriggan (D:7)
  A basilisk (D:11)
  8 yaks
  A hungry ghost (D:8)
  A soldier ant (D:10)
  Duvessa (D:6)
  3 orc warriors
  2 black bears
  3 ice beasts
  A phantom (D:4)
  4 necrophages
  6 sky beasts
  9 centaurs
  8 ogres
  A big kobold (D:9)
  A crocodile (D:10)
  4 bullfrogs
  2 gnoll sergeants (D:6)
  Dowan (D:6)
  A wyvern skeleton (D:9)
  6 scorpions
  5 killer bees (D:9)
  5 wights (D:8)
  2 howler monkeys (D:5)
  5 crimson imps
  2 bullfrog zombies
  4 orc priests
  A bullfrog skeleton (D:4)
  5 hounds
  4 jellies
  8 orc wizards
  Crazy Yiuf (D:2)
  A centaur skeleton (D:7)
  2 iguanas
  3 gnoll shamans
  Terence (D:2)
  12 worker ants
  A killer bee zombie (D:5)
  A hound zombie (D:7)
  27 gnolls
  6 adders
  2 shadow imps (D:5)
  7 oozes (D:2)
  2 adder skeletons
  2 adder zombies (D:6)
  2 worms
  2 dart slugs
  6 leopard geckos
  56 orcs
  10 bats
  3 giant cockroaches
  11 goblins
  5 hobgoblins
  10 jackals
  9 quokkas
  A ball python (D:3)
  8 frilled lizards
  2 giant cockroach zombies
  20 kobolds
  A quokka skeleton (D:5)
  9 rats
  A fungus (D:2)
337 creatures vanquished.

Vanquished Creatures (others)
  A vampire (D:11)
  Jessica (D:2)
  An adder (D:2)
  9 toadstools (D:2)
12 creatures vanquished.

Grand Total: 349 creatures vanquished

Notes
Turn   | Place    | Note
-------+----------+-------------------------------------------
     0 | D:1      | MisterFreud the Gnoll Fighter began the quest for the Orb.
     0 | D:1      | Reached XP level 1. HP: 23/23 MP: 1/1
    65 | D:1      | Reached XP level 2. HP: 27/29 MP: 2/2
   425 | D:1      | Reached XP level 3. HP: 35/35 MP: 3/3
   636 | D:2      | Killed Jessica
   732 | D:2      | Noticed Terence
   743 | D:2      | Killed Terence
   743 | D:2      | Reached skill level 1 in Long Blades
   743 | D:2      | Reached skill level 1 in Axes
   743 | D:2      | Reached skill level 1 in Maces & Flails
   743 | D:2      | Reached skill level 1 in Polearms
   743 | D:2      | Reached skill level 1 in Staves
   743 | D:2      | Reached skill level 1 in Slings
   743 | D:2      | Reached skill level 1 in Bows
   743 | D:2      | Reached skill level 1 in Crossbows
   743 | D:2      | Reached skill level 1 in Throwing
   743 | D:2      | Reached skill level 1 in Dodging
   743 | D:2      | Reached skill level 1 in Stealth
   743 | D:2      | Reached skill level 1 in Unarmed Combat
   743 | D:2      | Reached skill level 1 in Spellcasting
   743 | D:2      | Reached skill level 1 in Invocations
   743 | D:2      | Reached skill level 1 in Evocations
   743 | D:2      | Reached XP level 4. HP: 38/41 MP: 3/5
   785 | D:2      | Found a white marble altar of Elyvilon.
  1233 | D:2      | Reached skill level 1 in Conjurations
  1233 | D:2      | Reached skill level 1 in Hexes
  1233 | D:2      | Reached skill level 1 in Charms
  1233 | D:2      | Reached skill level 1 in Summonings
  1233 | D:2      | Reached skill level 1 in Necromancy
  1233 | D:2      | Reached skill level 1 in Translocations
  1233 | D:2      | Reached skill level 1 in Transmutations
  1233 | D:2      | Reached skill level 1 in Fire Magic
  1233 | D:2      | Reached skill level 1 in Ice Magic
  1233 | D:2      | Reached skill level 1 in Air Magic
  1233 | D:2      | Reached skill level 1 in Earth Magic
  1233 | D:2      | Reached skill level 1 in Poison Magic
  1247 | D:2      | Reached XP level 5. HP: 35/47 MP: 5/7
  1478 | D:2      | Found a runed translucent door.
  1479 | D:2      | Noticed Crazy Yiuf
  1489 | D:2      | Killed Crazy Yiuf
  1951 | D:3      | Found a faded altar of an unknown god.
  2033 | D:3      | Found a blossoming altar of Fedhas.
  2113 | D:3      | Found a sparkling altar of Nemelex Xobeh.
  2149 | D:3      | Found a white marble altar of Elyvilon.
  2330 | D:4      | Reached XP level 6. HP: 53/53 MP: 8/8
  2413 | D:4      | Found a burning altar of Makhleb.
  2563 | D:4      | Reached skill level 5 in Short Blades
  2961 | D:4      | Noticed a phantom
  2977 | D:4      | Reached XP level 7. HP: 54/59 MP: 10/10
  3024 | D:3      | HP: 2/59 [gnoll/+0 whip (2)]
  3426 | D:4      | Found a radiant altar of Vehumet.
  3428 | D:4      | Got a scintillating diamond amulet
  3429 | D:4      | Identified the amulet "Peezax" {Gourm *Contam rF+ rC+ SInv}
                  | (You found it on level 4 of the Dungeon)
  3960 | D:4      | Found Ewiugip's Book Boutique.
  4077 | D:4      | Reached XP level 8. HP: 65/67 MP: 12/12
  4241 | D:5      | Entered Level 5 of the Dungeon
  4486 | D:5      | Found a stormy altar of Qazlal.
  4971 | D:5      | Found a radiant altar of Vehumet.
  5073 | D:5      | Found an ornate altar of the Wu Jian Council.
  5225 | D:5      | Found a staircase to the Ecumenical Temple.
  5275 | Temple   | Entered the Ecumenical Temple
  5755 | D:4      | Bought a book of Misfortune for 280 gold pieces
  6070 | D:5      | Learned a level 3 spell: Confusing Touch
  6091 | D:6      | Reached XP level 9. HP: 49/72 MP: 11/14
  6924 | D:6      | Noticed Duvessa
  6924 | D:6      | Noticed Dowan
  6944 | D:6      | Killed Duvessa
  6951 | D:6      | Killed Dowan
  7172 | D:4      | Found a sacrificial altar of Ru.
  8117 | D:6      | Found a shadowy altar of Dithmenos.
  8213 | D:6      | Found Ohaa's Distillery.
  8662 | D:6      | Found a glowing silver altar of Zin.
  8945 | D:7      | Reached skill level 5 in Invocations
  9195 | D:7      | Found a glowing silver altar of Zin.
  9401 | D:8      | Reached XP level 10. HP: 74/79 MP: 14/17
 10092 | D:8      | Reached skill level 5 in Long Blades
 10092 | D:8      | Reached skill level 5 in Axes
 10092 | D:8      | Reached skill level 5 in Maces & Flails
 10092 | D:8      | Reached skill level 5 in Polearms
 10092 | D:8      | Reached skill level 5 in Staves
 10092 | D:8      | Reached skill level 5 in Slings
 10092 | D:8      | Reached skill level 5 in Bows
 10092 | D:8      | Reached skill level 5 in Crossbows
 10092 | D:8      | Reached skill level 5 in Throwing
 10092 | D:8      | Reached skill level 5 in Dodging
 10092 | D:8      | Reached skill level 5 in Stealth
 10092 | D:8      | Reached skill level 5 in Unarmed Combat
 10092 | D:8      | Reached skill level 5 in Spellcasting
 10092 | D:8      | Reached skill level 5 in Evocations
 10159 | D:8      | Noticed an ice statue
 10246 | D:8      | Found a runed translucent gate.
 10246 | D:8      | Identified the cursed +1 dire flail "Giantbane" {vorpal,
                  | rN++}
 10247 | D:8      | Found a runed translucent gate.
 10247 | D:8      | Noticed lemonriz's ghost (novice DrTm)
 10248 | D:8      | Found a runed translucent gate.
 10254 | D:8      | Found a roughly hewn altar of Beogh.
 12226 | D:9      | Found an opulent altar of Gozag.
 12295 | D:9      | Found a shattered altar of Ashenzari.
 12320 | D:9      | Became a worshipper of Ashenzari the Shackled
 12590 | D:9      | Found Seroas's Armour Shoppe.
 13050 | D:9      | Found Xioza's Weapon Emporium.
 13094 | D:9      | Found Zinax's Armour Shoppe.
 13492 | D:10     | Entered Level 10 of the Dungeon
 13836 | D:10     | Noticed a two-headed ogre
 13850 | D:10     | Killed a two-headed ogre
 13850 | D:10     | Reached XP level 11. HP: 57/84 MP: 16/19
 13976 | D:10     | Noticed Erica
 14000 | D:10     | Killed Erica
 14547 | D:10     | Reached * piety under Ashenzari
 14709 | D:10     | Reached skill level 5 in Conjurations
 14709 | D:10     | Reached skill level 5 in Hexes
 14709 | D:10     | Reached skill level 5 in Charms
 14709 | D:10     | Reached skill level 5 in Summonings
 14709 | D:10     | Reached skill level 5 in Necromancy
 14709 | D:10     | Reached skill level 5 in Translocations
 14709 | D:10     | Reached skill level 5 in Transmutations
 14709 | D:10     | Reached skill level 5 in Fire Magic
 14709 | D:10     | Reached skill level 5 in Ice Magic
 14709 | D:10     | Reached skill level 5 in Air Magic
 14709 | D:10     | Reached skill level 5 in Earth Magic
 14709 | D:10     | Reached skill level 5 in Poison Magic
 14973 | D:11     | Found a staircase to the Orcish Mines.
 15335 | D:11     | Noticed Snorg
 16922 | D:11     | Found a staircase to the Lair.
 17003 | D:11     | Noticed a two-headed ogre
 17025 | D:11     | Killed a two-headed ogre
 17347 | D:11     | Noticed a centaur warrior
 17350 | D:11     | Noticed a four-headed hydra
 17368 | D:11     | Slain by a four-headed hydra

Levels and vault maps discovered:
D:1:      nicolae_arrival_memento_mori, layout_basic
D:2:      cheibrodos_fertilizer, layout_loops_ring, minmay_misc_feat_square,
          elyvilon_altar_4, uniq_jessica, uniq_crazy_yiuf_cottage, uniq_terence
D:3:      layout_rooms, overflow_temple_1_default,
          nemelex_xobeh_ov_fountains_minmay, fedhas_altar_3,
          chequers_ecumenical_altar_grove, first_ration
D:4:      black_bear_nest_2, layout_basic, vehumet_crystals,
          nicolae_overflow_hidden_temple, serial_shops, shop
D:5:      layout_gridville, lemuel_round_altar, lemuel_crystal_altar,
          minmay_temple_entry_antechambers, vehumet_altar_wand_db
D:6:      layout_cave_pools, lemuel_round_altar,
          nicolae_dithmenos_through_a_glass_darkly, serial_gnoll_camp,
          gnoll_camp_mini_loothouse, gnoll_camp_mini_doghouse,
          gnoll_camp_huts_basic, gnoll_camp_mini_shop, gnoll_camp_mini_hut,
          gnoll_camp_mini_hut, uniq_duvessa
D:7:      layout_basic, basic_altar, the_bakery
D:8:      minmay_statue_hallways, layout_loops_ring, serial_undead,
          serial_undead_b, serial_undead_e, serial_undead_a, serial_undead_d,
          biasface_ghost_orc_armoury
D:9:      layout_rooms, evilmike_ruin_ashenzari, lemuel_round_altar,
          serial_shops, kennysheep_little_box,
          nicolae_shop_temple_entry_statues_fountains,
          nicolae_shop_window_shopping, hangedman_decor_growths
D:10:     layout_irregular_city, uniq_erica
D:11:     layout_stronghold, lair_entry_dummy, minmay_orc_entry_temple_small,
          gauntlet_entry_generic, dk_vineyard_2,
          minmay_the_grid_square_5x5_3x3_mashed
          [minmay_the_grid_square_5x5_lines, minmay_the_grid_square_5x5_mess,
          minmay_the_grid_square_5x5_empty,
          minmay_the_grid_square_5x5_bracketed,
          minmay_the_grid_square_5x5_megaprize_diamond,
          minmay_the_grid_square_5x5_longway, minmay_the_grid_square_5x5_bite,
          minmay_the_grid_square_5x5_three_small,
          minmay_the_grid_square_5x5_inner_v], uniq_snorg
Temple:   cyrus_temple_forest

Skill      XL: |  1  2  3  4  5  6  7  8  9 10 11 |
---------------+----------------------------------+-----
Long Blades    | 1 2 3 4 5 6 |  6.4
Axes           | 1 2 3 4 5 6 |  6.4
Maces & Flails | 1 2 3 4 5 6 |  6.4
Polearms       | 1 2 3 4 5 6 |  6.4
Staves         | 1 2 3 4 5 6 |  6.4
Slings         | 1 2 3 4 5 6 |  6.4
Bows           | 1 2 3 4 5 6 |  6.4
Crossbows      | 1 2 3 4 5 6 |  6.4
Throwing       | 1 2 3 4 5 6 |  6.4
Dodging        | 1 2 3 4 5 6 |  6.4
Stealth        | 1 2 3 4 5 6 |  6.4
Unarmed Combat | 1 2 3 4 5 6 |  6.4
Spellcasting   | 1 2 3 4 5 6 |  6.4
Invocations    | 1 2 3 4 5 6 7 |  7.0
Evocations     | 1 2 3 4 5 6 |  6.4
Conjurations   | 1 2 3 4 5 |  5.3
Hexes          | 1 2 3 4 5 |  5.3
Charms         | 1 2 3 4 5 |  5.3
Summonings     | 1 2 3 4 5 |  5.3
Necromancy     | 1 2 3 4 5 |  5.3
Translocations | 1 2 3 4 5 |  5.3
Transmutations | 1 2 3 4 5 |  5.3
Fire Magic     | 1 2 3 4 5 |  5.3
Ice Magic      | 1 2 3 4 5 |  5.3
Air Magic      | 1 2 3 4 5 |  5.3
Earth Magic    | 1 2 3 4 5 |  5.3
Poison Magic   | 1 2 3 4 5 |  5.3
Short Blades   | 5 6 7 8 |  8.0
Fighting       | 7 8 9 |  9.2
Armour         | 7 8 9 |  9.2
Shields        | 7 8 9 |  9.2

Action                   |  1- 3 |  4- 6 |  7- 9 | 10-12 || total
-------------------------+-------+-------+-------+-------++-------
Melee: Rapier            |    87 |   272 |   687 |   830 ||  1876
       Bite              |     4 |    37 |   102 |   125 ||   268
       Dagger            |       |       |    17 |       ||    17
 Cast: Confusing Touch   |       |       |    22 |    34 ||    56
Invok: Curse Item        |       |       |       |     3 ||     3
Evoke: Wand              |       |       |       |     6 ||     6
  Use: Scroll            |       |       |       |    14 ||    14
 Stab: Confused          |       |       |    16 |    35 ||    51
       Sleeping          |       |       |     2 |     4 ||     6
       Paralysed         |       |       |       |     2 ||     2
  Eat: Chunk             |       |     4 |    32 |    36 ||    72
       Ration            |       |     1 |       |       ||     1
Armor: Scale mail        |    52 |    52 |       |       ||   104
       Chain mail        |       |    50 |   130 |       ||   180
       Robe              |       |       |    60 |    76 ||   136
Dodge: Dodged            |    39 |    41 |   236 |   332 ||   648
Block: Kite shield       |    60 |   129 |   390 |   409 ||   988

Table legend:
 A = Non-vault XP
 B = Vault XP
 C = Vault XP percentage of total XP
 D = Non-vault monster count
 E = Vault monster count
 F = Vault count percentage of total count
                 A         B        C        D         E       F
            +---------+---------+-------+---------+---------+-------
      Total |   12416 |    3214 |  20.6 |     271 |      66 |  19.6
            +---------+---------+-------+---------+---------+-------
        D:1 |      35 |       0 |   0.0 |      21 |       0 |   0.0
        D:2 |      19 |     177 |  90.3 |      11 |      19 |  63.3
        D:3 |     104 |       0 |   0.0 |      39 |       0 |   0.0
        D:4 |     936 |     133 |  12.4 |      31 |       1 |   3.1
        D:5 |    1289 |      79 |   5.8 |      34 |       7 |  17.1
        D:6 |     421 |     755 |  64.2 |      15 |      24 |  61.5
        D:7 |     448 |     205 |  31.4 |      15 |       1 |   6.2
        D:8 |    1800 |     546 |  23.3 |      27 |       7 |  20.6
        D:9 |    1593 |       0 |   0.0 |      33 |       0 |   0.0
       D:10 |    2698 |     944 |  25.9 |      16 |       1 |   5.9
       D:11 |    3073 |     375 |  10.9 |      29 |       6 |  17.1
            +---------+---------+-------+---------+---------+-------
